 Dungeon Crawl Stone Soup version 0.28-a0-503-g83f2989fac (webtiles) character file.

Game seed: 16546456329186101463

3525 meatgazer the Schismatic (level 9, -7/66 (72) HPs)
             Began as a Demonspawn Abyssal Knight on Sept 20, 2021.
             Was an Elder of Lugonu.
             Mangled by a wight (9 damage)
             ... on level 8 of the Dungeon.
             The game lasted 00:16:40 (9111 turns).

meatgazer the Schismatic (DsAK)                     Turns: 9111, Time: 00:16:41

HP:   -7/66 (72)    AC: 15    Str: 18    XL:     9   Next: 81%
MP:   17/17         EV:  9    Int: 12    God:    Lugonu [****..]
Gold: 238           SH:  5    Dex: 15    Spells: 13/13 levels left

rFire   + + +      SeeInvis .   a - +1 spear (flame)
rCold   . . .      Faith    .   j - +0 buckler
rNeg    . . .      Spirit   .   c - +1 scale mail "Uschyeddaf" {rF+++ Will- Str+3}
rPois   .          Reflect  .   (helmet restricted)
rElec   .          Harm     .   (no cloak)
rCorr   .          Rampage  .   f - +0 pair of gloves
Will    .....                   l - +0 pair of boots
Stlth   ..........              (no amulet)
HPRegen 0.21/turn               d - +4 ring of slaying
MPRegen 0.15/turn               (no ring)

@: mighty, sanguine armoured, drained
A: horns 1, foul stench 1, sanguine armour 1, demonic magic 2
a: Renounce Religion, Depart the Abyss, Bend Space, Banish, Corrupt


You were on level 8 of the Dungeon.
You worshipped Lugonu.
Lugonu was greatly pleased with you.
You visited 1 branch of the dungeon, and saw 8 of its levels.
You visited the Abyss 1 time.
You also visited: Sewer.

You collected 293 gold pieces.
You spent 55 gold pieces at shops.

Inventory:

Hand Weapons
 a - a +1 spear of flaming (weapon)
Missiles
 h - a throwing net
Armour
 c - the +1 scale mail "Uschyeddaf" (worn) {rF+++ Will- Str+3}
   (You found it on level 3 of the Abyss)

   Str:       It affects your strength (+3).
   rF:        It renders you almost immune to fire.
   Will:      It decreases your willpower.
 f - a +0 pair of gloves (worn)
 j - a +0 buckler (worn)
 l - a +0 pair of boots (worn)
Magical Staves
 p - a staff of cold
Jewellery
 d - a +4 ring of slaying (left hand)
 e - a ring of ice
Wands
 m - a wand of polymorph (9)
Scrolls
 b - 5 scrolls of magic mapping
 n - a scroll of teleportation
 q - 2 scrolls of fog
 t - a scroll of identify
Potions
 g - a potion of brilliance
 i - 3 potions of lignification
 r - 2 potions of berserk rage
 s - a potion of resistance
Miscellaneous
 o - a phial of floods


   Skills:
 + Level 7.1 Fighting
 + Level 6.1 Polearms
 - Level 2.2 Armour
 - Level 0.8 Dodging
 - Level 4.0 Shields
 + Level 2.5 Spellcasting
 * Level 11.8 Invocations


You had 13 spell levels left.
You didn't know any spells.
Your spell library contained the following spells:

 Spells                   Type           Power      Damage    Failure   Level
 Foxfire                  Conj/Fire      4%         2x1d4     63%         1
 Shock                    Conj/Air       4%         1d3       63%         1
 Conjure Flame            Conj/Fire      1%         6-21      94%         3
 Inner Flame              Hex/Fire       1%         N/A       94%         3
 Swiftness                Air            1%         N/A       94%         3
 Airstrike                Air            0%         N/A       100%        4
 Flame Wave               Conj/Fire      1%         3d3       100%        4


Dungeon Overview and Level Annotations

Branches:
Dungeon (8/15)             Temple (0/1) D:7           Sewer (visited)
   Lair: D:8-11

Altars:
Ru

Shops:
D:5 !

Annotations:
Abyss:1 Grinder


Innate Abilities, Weirdness & Mutations

You have a pair of small horns on your head.
You may rarely emit foul miasma when damaged in melee.
When seriously injured, your bleeding wounds create armour. (AC +6)
Spells you cast may paralyse nearby enemies.


Message History

The wight is heavily damaged.
The wight barely misses you.
You hit the wight. You burn the wight.
The wight is severely damaged.
The wight hits you with a +4 battleaxe!
You feel drained. The wight closely misses you.
You hit the wight. You burn the wight. You headbutt the wight.
The wight is almost destroyed.
The wight hits you but does no damage. The wight hits you with a +0 hand axe!
The wight closely misses you.
You barely miss the wight.
You headbutt the wight, but do no damage.
The wight is almost destroyed.
The wight barely misses you. The wight hits you with a +4 battleaxe!
Your blood congeals into armour.
You feel drained.
You emit a cloud of foul miasma!
The wight completely misses you.
Okay, then.
You feel very mighty all of a sudden. The wight hits you with a +0 hand axe!
You feel drained. The wight hits you but does no damage.
The wight closely misses you.
You completely miss the wight. You headbutt the wight.
You destroy the wight!
Lugonu accepts your kill. The wight hits you with a +4 battleaxe.
* * * LOW HITPOINT WARNING * * *
You feel drained.
* * * LOW HITPOINT WARNING * * *
The wight hits you but does no damage.
You closely miss the wight. You closely miss the wight. You headbutt the wight!
The wight is heavily damaged.
The wight hits you with a +4 battleaxe!
* * * LOW HITPOINT WARNING * * *
The wight hits you with a +0 hand axe.
* * * LOW HITPOINT WARNING * * *
You puncture the wight! You burn the wight.
You destroy the wight!
Lugonu accepts your kill. The wight hits you with a +4 battleaxe!
You die...

#......................### *##,,
#..#...##.....#..........#** *#.
#...##.................#...#* #.
..........#.........##.#**..#* ##
#............##........# **,.***#
*..#.........#...#.....#####,,...
***#.........#.#............,,...
##...........#))........#*,,.##
#.<..........#@z........#*,***#
#.[............#........#*,,,,#
#)########.....#........#*,,,,,
#.# ##.............##*****
###.#########.......(......#,,,,*
#...##...##....#..........##,,,,,
..........#.#............##*,****
............#....).......###,,,,*
...[.......##.>.......##.#.#,,,,,


You could see a wight.

Vanquished Creatures
  Menkaure (D:7)
  2 water moccasins
  An ice beast (D:6)
  A black bear (D:6)
  A hornet zombie (D:5)
  A necrophage (D:6)
  2 sky beasts
  2 centaurs
  An ogre (D:4)
  4 phantoms
  2 bullfrogs
  A gnoll sergeant (D:8)
  2 scorpions
  2 water moccasin skeletons (D:5)
  4 killer bees
  4 wights
  A howler monkey (D:6)
  2 centaur zombies (D:7)
  An orc priest (D:6)
  A gnoll shaman (D:8)
  2 iguanas
  3 orc wizards
  A howler monkey zombie (D:5)
  10 gnolls (D:8)
  8 adders
  6 shadow imps
  4 white imps
  6 ufetubi
  An adder skeleton (D:4)
  2 dart slugs
  3 worms
  16 orcs
  9 ball pythons
  6 bats
  8 endoplasms
  8 giant cockroaches
  10 hobgoblins
  2 quokkas
  3 frilled lizards
  A giant cockroach zombie (Sewer)
  9 goblins
  18 kobolds
  2 kobold zombies (Sewer)
  7 rats
181 creatures vanquished.

Notes
Turn   | Place    | Note
-------+----------+-------------------------------------------
     0 | Abyss:1  | meatgazer the Demonspawn Abyssal Knight began the quest for
                  | the Orb.
     0 | Abyss:1  | Reached XP level 1. HP: 18/18 MP: 2/2
    17 | Abyss:1  | Noticed an orc high priest
    18 | Abyss:1  | Noticed a ynoxinul
   151 | Abyss:2  | Noticed a worldbinder
   154 | Abyss:2  | Noticed a black mamba
   167 | Abyss:3  | Identified the +1 scale mail "Uschyeddaf" {rF+++ Will-
                  | Str+3}
   183 | Abyss:3  | Found a corrupted altar of Lugonu.
   185 | Abyss:3  | Noticed a spatial vortex
   192 | Abyss:3  | Noticed a spatial maelstrom
   192 | Abyss:3  | Noticed a spatial vortex
   192 | Abyss:3  | Noticed a spatial vortex
   192 | Abyss:3  | Noticed a spatial vortex
   193 | D:1      | Escaped the Abyss
   431 | D:1      | Reached * piety under Lugonu
   557 | D:1      | Gained mutation: Spells you cast may paralyse adjacent
                  | enemies. [demonic ancestry]
   557 | D:1      | Reached XP level 2. HP: 24/24 MP: 4/4
   560 | D:1      | Reached skill level 3 in Invocations
  1068 | D:1      | Reached XP level 3. HP: 29/29 MP: 5/5
  1244 | D:1      | Found a faded altar of an unknown god.
  1710 | D:2      | Reached skill level 1 in Shields
  1726 | D:2      | Gained mutation: You may rarely emit foul miasma when
                  | damaged in melee. [demonic ancestry]
  1726 | D:2      | Reached XP level 4. HP: 35/35 MP: 6/6
  1749 | D:2      | Reached ** piety under Lugonu
  3003 | D:4      | Noticed an ogre
  3047 | D:4      | Gained mutation: You have a pair of small horns on your
                  | head. [demonic ancestry]
  3047 | D:4      | Reached XP level 5. HP: 28/41 MP: 7/7
  3264 | D:4      | Killed an ogre
  3562 | D:4      | Reached skill level 4 in Invocations
  3562 | D:4      | Gained mutation: Spells you cast may paralyse nearby
                  | enemies. [demonic ancestry]
  3562 | D:4      | Reached XP level 6. HP: 47/47 MP: 7/9
  3804 | D:5      | Entered Level 5 of the Dungeon
  3967 | D:5      | Reached skill level 5 in Invocations
  4010 | D:5      | Found a sacrificial altar of Ru.
  4259 | D:5      | Noticed a sky beast
  4272 | D:5      | Killed a sky beast
  4273 | D:5      | Gained mutation: When seriously injured, your bleeding
                  | wounds create armour. (AC +6) [demonic ancestry]
  4273 | D:5      | Reached XP level 7. HP: 41/54 MP: 9/11
  4365 | D:5      | Found Luosemn's Distillery.
  4390 | D:5      | Bought a potion of heal wounds for 55 gold pieces
  4428 | D:5      | Reached skill level 6 in Invocations
  4903 | D:6      | Found a glowing drain.
  4920 | Sewer    | Entered a sewer
  4987 | Sewer    | Reached *** piety under Lugonu
  5127 | Sewer    | Reached skill level 7 in Invocations
  5204 | Sewer    | Found an ancient bone altar of Kikubaaqudgha.
  5210 | Sewer    | Noticed Grinder
  5212 | Sewer    | Banished Grinder
  5213 | Sewer    | Reached skill level 5 in Fighting
  5213 | Sewer    | Reached XP level 8. HP: 29/62 MP: 8/13
  5223 | Sewer    | Reached skill level 8 in Invocations
  5968 | D:6      | Reached skill level 9 in Invocations
  6465 | D:6      | Reached skill level 5 in Polearms
  6614 | D:6      | Reached skill level 10 in Invocations
  6624 | D:6      | Reached XP level 9. HP: 69/69 MP: 16/16
  6742 | D:6      | Reached **** piety under Lugonu
  6983 | D:7      | Noticed Menkaure
  6989 | D:7      | Killed Menkaure
  7052 | D:7      | Reached skill level 1 in Spellcasting
  7112 | D:7      | Reached skill level 11 in Invocations
  7275 | D:7      | Found a staircase to the Ecumenical Temple.
  9110 | D:8      | HP: 2/66 [wight (3)]
  9111 | D:8      | Mangled by a wight

Illustrated notes

Levels and vault maps discovered:
D:1:      sevenhm_arrival_forest_fort_large_4, layout_basic,
          dreamdust_ecumenical_altar_angels_and_demons,
          chequers_serial_rivers_small_b, minmay_misc_feat_tower
D:2:      layout_basic, nicolae_underground_beach
D:3:      layout_basic
D:4:      wad_pebble_path, layout_loops_cross, grunt_ministairs_4
D:5:      layout_basic, overflow_temple_1_default, serial_shops, shop
D:6:      layout_cave_pods, gup_sewer_entry_bubbles
D:7:      layout_loops_ring, minmay_temple_entry_trees, uniq_menkaure
D:8:      minmay_angry_zag, layout_rooms, enter_ossuary_3

Skill      XL: |  1  2  3  4  5  6  7  8  9 |
---------------+----------------------------+-----
Polearms       | 2 3 4 5 6 |  6.1
Invocations    | 3 4 5 7 10 11 | 11.8
Armour         | 2 |  2.2
Shields        | 1 2 4 |  4.0
Fighting       | 4 5 6 7 |  7.1
Spellcasting   | 2 |  2.5
Dodging        | |  0.8

Action                   |  1- 3 |  4- 6 |  7- 9 || total
-------------------------+-------+-------+-------++-------
Melee: Spear             |   131 |   120 |   380 ||   631
       Headbutt          |       |    11 |    64 ||    75
Invok: Depart the Abyss  |     1 |       |       ||     1
       Banish            |       |       |     5 ||     5
  Use: Scroll            |     3 |     4 |    13 ||    20
       Potion            |       |       |    11 ||    11
Armor: Scale mail        |    43 |    37 |   156 ||   236
       Leather armour    |     1 |       |       ||     1
       Skin              |       |       |    54 ||    54
Dodge: Dodged            |    44 |    25 |   155 ||   224
Block: Buckler           |       |     5 |    96 ||   101

Table legend: (Time is in decaauts)
 A = Elapsed time spent in this place.
 B = Non-inter-level travel time spent in this place.
 C = Inter-level travel time spent in this place.
 D = Time resting spent in this place.
 E = Time spent auto-exploring this place.
 F = Levels seen in this place.
 G = Mean time per level.
                   A        B        C        D        E       F      G
               +--------+--------+--------+--------+--------+-----+--------+
         Total |   9101 |   8909 |    192 |   2645 |   4858 |  12 |  758.4 |
       Dungeon |   8044 |   7852 |    192 |   2234 |   4419 |   8 | 1005.5 |
         Abyss |    192 |    192 |      0 |     55 |    110 |   3 |   64.0 |
         Sewer |    865 |    865 |      0 |    356 |    328 |   1 |  865.0 |
               +--------+--------+--------+--------+--------+-----+--------+

Top non-repeatable levels by time:
     D:7: 1686 daAuts
     D:1: 1308 daAuts
     D:6: 1210 daAuts
     D:5: 1000 daAuts
     D:3: 922 daAuts
     D:4: 876 daAuts
   Sewer: 865 daAuts
     D:8: 537 daAuts
     D:2: 503 daAuts
 Abyss:2: 132 daAuts
 Abyss:3: 38 daAuts
 Abyss:1: 21 daAuts
